 Dungeon Crawl Stone Soup version bcrawl-1.38b (webtiles) character file.

Game seed: 6402342526944296539

134008 MisterOstroum the Vexing (level 5, -1/38 HPs)
             Began as a Mummy Enchanter on Mar 16, 2023.
             Slain by Grinder (8 damage)
             ... on level 3 of the Dungeon.
             The game lasted 00:13:10 (3486 turns).

MisterOstroum the Vexing (Mummy Enchanter)          Turns: 3486, Time: 00:13:11

Health: -1/38      AC:  2    Str: 11    XL:     5   Next: 67%
Magic:  2/9        EV: 12    Int: 15    God:
Gold:   173        SH:  0    Dex: 13    Spells: 0/9 levels left

rFire    x . .     GDR:     25% a - +1 dagger
rCold    + . .     SeeInvis .   (no shield)
rNeg     + + +     Gourm    .   o - +0 robe
rPois    ∞         Faith    .   (no helmet)
rElec    .         Spirit   .   (no cloak)
rCorr    .         Reflect  .   (no gloves)
MR       .....     Clarity  +   (no boots)
Stlth    ++........             (no amulet)
HPRegen  0.16/turn              (no ring)
MPRegen  0.11/turn              (no ring)

@: no status effects
A: no food or potions, fire vulnerability, clarity, cold resistance 1, negative
energy resistance 3, torment resistance, unbreathing, strong hexes 1
a: no special abilities


You were on level 3 of the Dungeon.
You were not hungry.

You visited 1 branch of the dungeon, and saw 4 of its levels.

You collected 173 gold pieces.

Inventory:

Hand Weapons
 a - a +1 dagger (weapon)
Missiles
 b - 91 poisoned needles
 c - 1131 stones
 k - 132 arrows
 l - 76 poisoned tomahawks (quivered)
 m - 128 sling bullets
 n - 219 bolts
Armour
 i - a scarf of spirit shield
 o - a +0 robe (worn)
Scrolls
 d - 2 scrolls of fog {!r}
 f - a scroll of amnesia
 g - 2 scrolls of enchant weapon {unknown}
 h - a scroll of remove curse {@r2}
 j - 4 scrolls of teleportation {unknown}
Comestibles
 e - a ration {!d}


   Skills:
 - Level 2.0 Fighting
 - Level 2.1 Short Blades
 - Level 1.5 Dodging
 - Level 3.6 Stealth
 - Level 2.6 Spellcasting
 + Level 4.5 Hexes
 - Level 1.8 Ice Magic


You couldn't memorise any spells.
You knew the following spells:

 Your Spells              Type           Power        Failure   Level  Hunger
a - Slow                  Hex            ###.....     3%          1    N/A
b - Ensorcelled Hibernat  Hex/Ice        ###...       9%          2    N/A
c - Confuse               Hex            ###.....     10%         3    N/A
d - Dazzling Orbs         Conj/Hex       ##.....      24%         3    N/A

Your spell library contained the following spells:

 Spells                   Type           Power        Failure   Level  Hunger
 Tukima's Dance           Hex            ###.....     10%         3    N/A
 Cause Fear               Hex            ###.......   32%         4    N/A

Dungeon Overview and Level Annotations

Branches:
Dungeon (4/12)
 Temple: D:4-7

Altars:
Okawaru
Uskayaw

Annotations:
D:3 Grinder
D:4 Duvessa


Innate Abilities, Weirdness & Mutations

You do not eat or drink.
Your flesh is vulnerable to fire.
You are immune to poison.
You possess an exceptional clarity of mind.
Your flesh is cold resistant. (rC+)
You are immune to negative energy. (rN+++)
You are immune to unholy pain and torment.
You can survive without breathing.
Your hexes are more powerful.


Message History

Aim: a gnoll (severely wounded)
You throw a stone.
The stone hits the gnoll but does no damage.
The gnoll is severely wounded.
Casting: Confuse (safe; 11% risk of failure)
Confirm with . or Enter, or press ? or * to list all spells.
Aiming: Confuse (safe; 11% risk of failure)
Press: ? - help, Shift-Dir - straight line, f/p - gnoll
Aim: a gnoll (severely wounded, chance to defeat MR: 63%)
You feel a surge of power!
The gnoll resists with significant effort.
Your magical contamination has completely faded away.
There is a stone staircase leading up here.
The gnoll hits you.
A rune on the stairs sparks and fizzles.
You climb upwards.
Level annotation: Grinder
There is a stone staircase leading down here.
Casting: Confuse (safe; 11% risk of failure)
Confirm with . or Enter, or press ? or * to list all spells.
Aiming: Slow (safe; 3% risk of failure)
Press: ? - help, Shift-Dir - straight line, f - gnoll
Aim: a gnoll (severely wounded, chance to defeat MR: 71%)
Okay, then.
Grinder gestures at you. You resist with some effort.
The gnoll closely misses you.
That item cannot be evoked!
Unknown command.
Unknown command.
Press: ? - help, v - describe, . - travel
Here: Grinder Unknown command.
Unknown command.
Quiver which item? (- for none, * to show all) (? for menu, Esc to quit)
Quivering
l - 83 poisoned tomahawks for throwing.
Throwing (i - inventory. (/) - cycle)
l - 83 poisoned tomahawks (quivered)
Press: ? - help, Shift-Dir - straight line, f - gnoll
Aim: a gnoll (severely wounded)
You throw a poisoned tomahawk.
The poisoned tomahawk hits the gnoll but does no damage.
The gnoll is poisoned.
The gnoll is severely wounded.
The gnoll misses you.
You kill the gnoll!
There is an open door here.
Throwing (i - inventory. (/) - cycle)
l - 82 poisoned tomahawks (quivered)
Press: ? - help, Shift-Dir - straight line, f - Grinder
Aim: Grinder You throw a poisoned tomahawk.
The poisoned tomahawk hits Grinder.
Grinder is poisoned.
Grinder is lightly wounded.
Grinder barely misses you.
Throwing (i - inventory. (/) - cycle)
l - 81 poisoned tomahawks (quivered)
Press: ? - help, Shift-Dir - straight line, f/p - Grinder
Aim: Grinder (moderately wounded, poisoned)
You throw a poisoned tomahawk.
The poisoned tomahawk barely misses Grinder.
Grinder misses you. Grinder closely misses you.
Throwing (i - inventory. (/) - cycle)
l - 80 poisoned tomahawks (quivered)
Press: ? - help, Shift-Dir - straight line, f/p - Grinder
Aim: Grinder (moderately wounded, poisoned)
You throw a poisoned tomahawk.
The poisoned tomahawk barely misses Grinder.
Grinder hits you.
Throwing (i - inventory. (/) - cycle)
l - 79 poisoned tomahawks (quivered)
Press: ? - help, Shift-Dir - straight line, f/p - Grinder
Aim: Grinder (heavily wounded, poisoned)
You throw a poisoned tomahawk.
The poisoned tomahawk hits Grinder but does no damage.
Grinder is heavily wounded.
Grinder hits you.
Throwing (i - inventory. (/) - cycle)
l - 78 poisoned tomahawks (quivered)
Press: ? - help, Shift-Dir - straight line, f/p - Grinder
Aim: Grinder (heavily wounded, poisoned)
You throw a poisoned tomahawk.
The poisoned tomahawk barely misses Grinder.
Grinder hits you.
* * * LOW HITPOINT WARNING * * *
Throwing (i - inventory. (/) - cycle)
l - 77 poisoned tomahawks (quivered)
Press: ? - help, Shift-Dir - straight line, f/p - Grinder
Aim: Grinder (severely wounded, poisoned)
Okay, then.
Casting: Slow (safe; 3% risk of failure)
Confirm with . or Enter, or press ? or * to list all spells.
Aiming: Confuse (safe; 10% risk of failure)
Press: ? - help, Shift-Dir - straight line, f/p - Grinder
Aim: Grinder (severely wounded, poisoned, chance to defeat MR: 55%)
You feel a surge of power!
Grinder resists with significant effort.
Grinder hits you.
* * * LOW HITPOINT WARNING * * *
Throwing (i - inventory. (/) - cycle)
l - 77 poisoned tomahawks (quivered)
Press: ? - help, Shift-Dir - straight line, f/p - Grinder
Aim: Grinder (severely wounded, poisoned)
You throw a poisoned tomahawk.
The poisoned tomahawk barely misses Grinder.
Grinder says, "You look like you could use a good racking."
Grinder hits you!
You die...

....####...###..................>
......##...# #...................
##....##...# #...................
##....###'####...................
......+[[.[......................
......###'###................)...
....###....##.###................
.....o.....##'###5####...........
................@................
...............†.................
..#'#####........................
..#.........#..........##........
..'.........#.##......###........
..#...........#'......'.#....#...
###...........##......#.#....####
.................######.#....##..
..............#########..........


You could see Grinder.

Vanquished Creatures
  A bullfrog zombie (D:4)
  A crimson imp (D:2)
  An orc wizard (D:3)
  A gnoll (D:3)
  2 adders (D:3)
  An ooze (D:2)
  A worm (D:2)
  3 dart slugs
  4 leopard geckos
  6 orcs
  6 giant cockroaches
  5 goblins
  7 hobgoblins
  8 jackals
  10 kobolds
  4 quokkas
  5 bats
  4 frilled lizards
  A quokka skeleton (D:2)
  8 rats
79 creatures vanquished.

Notes
Turn   | Place    | Note
-------+----------+-------------------------------------------
     0 | D:1      | MisterOstroum the Mummy Enchanter began the quest for the
                  | Orb.
     0 | D:1      | Reached XP level 1. HP: 13/13 MP: 4/4
    91 | D:1      | Reached skill level 1 in Fighting
   144 | D:1      | Reached skill level 1 in Short Blades
   157 | D:1      | Reached XP level 2. HP: 21/21 MP: 2/5
   168 | D:1      | Learned a level 2 spell: Ensorcelled Hibernation
   486 | D:1      | Found an iron altar of Okawaru.
   654 | D:1      | Reached XP level 3. HP: 27/27 MP: 7/7
   662 | D:1      | Learned a level 3 spell: Confuse
  1359 | D:2      | Found a faded altar of an unknown god.
  1740 | D:2      | Reached XP level 4. HP: 26/33 MP: 5/8
  1882 | D:2      | Reached skill level 1 in Ice Magic
  1967 | D:3      | Found a hide-covered altar of Uskayaw.
  2674 | D:3      | Reached XP level 5. HP: 13/38 MP: 5/9
  2915 | D:3      | Noticed Grinder
  3038 | D:2      | Learned a level 3 spell: Dazzling Orbs
  3050 | D:3      | Paralysed by Grinder for 2 turns
  3097 | D:3      | Reached skill level 4 in Hexes
  3257 | D:4      | Noticed Duvessa
  3486 | D:3      | Slain by Grinder

Skill      XL: |  1  2  3  4  5 |
---------------+----------------+-----
Fighting       | 1 2 |  2.0
Short Blades   | 1 2 |  2.1
Ice Magic      | 1 |  1.8
Hexes          | 4 |  4.5
Dodging        | |  1.5
Stealth        | |  3.6
Spellcasting   | |  2.6

Action                   |  1- 3 |  4- 6 || total
-------------------------+-------+-------++-------
Melee: Dagger            |   182 |    82 ||   264
       Short sword       |       |    10 ||    10
Throw: Stone             |    94 |    29 ||   123
       Tomahawk          |       |     7 ||     7
 Cast: Slow              |    15 |     1 ||    16
       Ensorcelled Hiber |    10 |    18 ||    28
       Confuse           |       |     5 ||     5
  Use: Scroll            |     1 |     2 ||     3
 Stab: Sleeping          |     6 |    19 ||    25
       Confused          |       |     2 ||     2
Armor: Robe              |    24 |    14 ||    38
Dodge: Dodged            |   104 |    52 ||   156
